 Dungeon Crawl Stone Soup version 0.24-a0-484-g962a3eeff7 (webtiles) character file.

Game seed: 8951511237611724824

14458 DonutEater the Geomancer (level 12, -12/71 HPs)
             Began as a Gargoyle Earth Elementalist on July 9, 2019.
             Was an Elder of Vehumet.
             Mangled by a skeletal warrior
             ... wielding a +0 dire flail
             ... led by a death knight
              (18 damage)
             ... on level 13 of the Dungeon.
             The game lasted 00:30:40 (11656 turns).

DonutEater the Geomancer (GrEE)                    Turns: 11656, Time: 00:30:40

Health: -12/71     AC: 18    Str: 15    XL:     12   Next: 16%
Magic:  24/24      EV: 13    Int: 21    God:    Vehumet [****..]
Gold:   244        SH:  0    Dex:  8    Spells: 15/27 levels left

rFire    . . .     SeeInvis .   F - +0 eveningstar of Tortfeasance {elec, MR+ Str+3} (curse)
rCold    . . .     Gourm    .   (no shield)
rNeg     + . .     Faith    .   c - +0 robe
rPois    ∞         Spirit   .   G - +1 helmet
rElec    +         Reflect  .   H - +1 cloak {rPois}
rCorr    +         Harm     .   B - +0 pair of gloves
MR       +....                  s - +0 pair of boots
Stlth    ++........             (no amulet)
HPRegen  0.21/turn              u - ring of resist corrosion
MPRegen  0.19/turn              (no ring)

@: slowed, very slow
A: blink, clumsy 1, negative energy resistance 1, electricity resistance, wild
magic 1, unbreathing, petrification resistance, rot immunity, AC +8
a: Blink, Renounce Religion


You were on level 13 of the Dungeon.
You worshipped Vehumet.
Vehumet was greatly pleased with you.
You were hungry.

You visited 2 branches of the dungeon, and saw 13 of its levels.
You also visited: Sewer.

You collected 660 gold pieces.
You spent 416 gold pieces at shops.

Inventory:

Hand Weapons
 k - a +0 flail
 F - the cursed +0 eveningstar of Tortfeasance (weapon) {elec, MR+ Str+3}
   (You found it on level 8 of the Dungeon)

   Occasionally, upon striking a foe, it will discharge some electrical energy
   and cause terrible harm.
   It affects your strength (+3).
   It affects your resistance to hostile enchantments.
   It has a curse placed upon it.
 J - a +2 mace of holy wrath
Missiles
 b - 147 stones (quivered)
 g - 4 throwing nets
Armour
 c - a +0 robe (worn)
 s - a +0 pair of boots (worn)
 B - a +0 pair of gloves (worn)
 G - a +1 helmet (worn)
 H - a +1 cloak of poison resistance (worn)
Jewellery
 l - an uncursed ring of ice
 u - a ring of resist corrosion (left hand)
Wands
 h - a wand of scattershot (4)
 t - a wand of random effects (33)
 w - a wand of disintegration (16)
 I - a wand of flame (23)
Scrolls
 m - 2 scrolls of fog
 q - 3 scrolls of fear
 x - a scroll of enchant weapon
 y - a scroll of blinking
 A - a scroll of remove curse
Potions
 a - 3 potions of flight
 e - 2 potions of might
 f - a potion of resistance
 j - 3 potions of curing
 n - a potion of berserk rage
 C - 3 potions of lignification
 E - a potion of ambrosia
Comestibles
 d - 31 rations
 i - 15 chunks of flesh


   Skills:
 + Level 6.6 Fighting
 + Level 5.8 Maces & Flails
 - Level 6.0 Armour
 + Level 5.1 Dodging
 - Level 2.1 Stealth
 + Level 8.0 Spellcasting
 + Level 8.9 Conjurations
   Level 0.7 Transmutations
 + Level 10.5 Earth Magic
 + Level 5.2 Evocations


You had 15 spell levels left.
You knew the following spells:

 Your Spells              Type           Power        Failure   Level  Hunger
a - Sandblast             Erth           ######       1%          1    None
b - Stone Arrow           Conj/Erth      ######       1%          3    None
c - Lee's Rapid Deconstr  Erth           ######....   1%          5    #####..
d - Mephitic Cloud        Conj/Pois/Air  ####....     3%          3    None

Your spell library contained the following spells:

 Spells                   Type           Power        Failure   Level  Hunger
 Force Lance              Conj/Tloc      #####...     5%          4    ###....
 Magic Dart               Conj           ####         1%          1    None
 Conjure Flame            Conj/Fire      #####...     1%          3    None
 Passwall                 Tmut/Erth      #####...     2%          2    None
 Animate Skeleton         Necr           N/A          12%         1    None
 Confusing Touch          Hex            ##....       12%         1    None
 Pain                     Necr           ##..         12%         1    None
 Petrify                  Tmut/Erth      #####...     12%         4    ###....
 Blink                    Tloc           N/A          17%         2    None
 Call Imp                 Summ           ##......     17%         2    None
 Slow                     Hex            ##......     17%         2    None
 Confuse                  Hex            ##......     32%         3    None
 Gell's Gravitas          Tloc           ##........   32%         3    None
 Regeneration             Chrm/Necr      ##........   32%         3    None
 Vampiric Draining        Necr           ##........   32%         3    None
 Yara's Violent Unravell  Hex/Tmut       ##........   47%         5    #####..
 Animate Dead             Necr           N/A          69%         4    ###....
 Metabolic Englaciation   Hex/Ice        ##........   95%         5    #####..


Dungeon Overview and Level Annotations

Branches:
Dungeon (14/15)            Temple (1/1) D:5          Vaults (0/5) D:13
   Lair: D:8-11         Orc: D:9-12

Altars:
Ashenzari
Cheibriados
Dithmenos
Gozag
Kikubaaqudgha
Makhleb
Nemelex Xobeh
Okawaru
Qazlal
Ru
Sif Muna
Trog
Vehumet
Wu Jian
Xom
Yredelemnul
Zin
The Shining One

Shops:
D:9 !

Annotations:
D:3 2 runed translucent doors, PeterQ's ghost, amateur GnAs
D:4 1 runed translucent door, thefreepie's ghost, amateur KoHu
D:13 Jorgrun


Innate Abilities, Weirdness & Mutations

You are resistant to torment.
Your stone body is resilient. (AC +8)
You are immune to poison.
You resist negative energy. (rN+)
You are resistant to electric shocks. (rElec)
You can survive without breathing.
You are immune to petrification.
You are immune to rotting.
You can translocate small distances at will.
You are clumsy. (Dex -2)
Your spells are a little harder to cast, but a little more powerful.


Message History

Roots burst forth from the earth!
The grasping roots grab you! The grasping roots constrict you!
There is a stone staircase leading down here.
Unknown command.
You escape the roots' grasp.
The freezing wraith hits you but does no damage.
The freezing wraith hits you. The freezing wraith drains your vigour!
You feel as though you will be slow longer.
The death knight offers itself to Yredelemnul, and fills with unholy energy.
The wraith hits you. The wraith drains your vigour!
You feel as though you will be slow longer.
There is a stone staircase leading up here.
Unknown command.
The freezing wraith hits you! The freezing wraith freezes you!
* * * LOW HITPOINT WARNING * * *
The freezing wraith hits you!
* * * LOW HITPOINT WARNING * * *
The skeletal warrior hits you with a +0 dire flail!!
You die...

... ..#.....#.# #.# ..#.....#.#
.. #.# .........#######'## #..
#....#...........#
#####...#..:.........#########
#.......#............#........
#.##........%........#........
####.##.................#........
...>.......#....@∩......#........
....########...WWz..g...#........
....# #.......p.W..#........
##### #...(........# #....#
#....[.......###....#
#..(........>.......#
##.............##.#### .
#..###.|...p...##.# ....
#.............p##+###


You could see Jorgrun, a death knight, a skeletal warrior, a phantasmal warrior,
a freezing wraith, a human (wandering) and a wraith.

Vanquished Creatures
  Harold (D:9)
  A hydra (D:14)
  A centaur warrior (D:13)
  2 two-headed ogres
  An orc knight (D:13)
  A manticore (D:13)
  Maurice (D:8)
  Psyche (D:9)
  A hornet (D:9)
  14 humans (D:13)
  11 yaks
  Menkaure (D:4)
  A soldier ant (D:8)
  A water moccasin (D:9)
  3 black bears
  4 sky beasts
  An eye of draining (D:9)
  3 ice beasts (D:9)
  3 orc warriors
  2 necrophages
  4 phantoms
  3 ogres
  6 centaurs
  5 bullfrogs
  A big kobold (D:9)
  A gnoll sergeant (D:7)
  A wyvern skeleton (D:7)
  2 scorpions
  A water moccasin skeleton (D:4)
  3 jellies
  9 wights
  3 howler monkeys
  2 vampire bats (D:8)
  3 crimson imps
  6 orc priests
  9 hounds
  5 orc wizards
  A gnoll shaman (D:7)
  A bullfrog skeleton (D:7)
  3 centaur skeletons
  3 worker ants
  A worker ant zombie (D:5)
  A howler monkey skeleton (D:8)
  A howler monkey zombie (D:5)
  7 gnolls (D:7)
  19 adders
  A river rat (D:5)
  A shadow imp (D:5)
  4 oozes
  An adder zombie (D:9)
  5 worms
  A dart slug (D:1)
  6 leopard geckos
  35 orcs
  3 ball pythons
  14 bats
  2 bat skeletons (D:8)
  2 bat zombies (D:8)
  10 giant cockroaches
  5 goblins
  11 hobgoblins
  11 jackals
  8 kobolds
  7 quokkas
  11 frilled lizards
  A jackal zombie (D:9)
  A leopard gecko skeleton (D:7)
  17 rats
312 creatures vanquished.

Notes
Turn   | Place    | Note
-------+----------+-------------------------------------------
     0 | D:1      | DonutEater the Gargoyle Earth Elementalist began the quest
                  | for the Orb.
     0 | D:1      | Reached XP level 1. HP: 10/10 MP: 3/3
    75 | D:1      | Reached skill level 4 in Earth Magic
    75 | D:1      | Reached XP level 2. HP: 9/15 MP: 5/5
   837 | D:1      | Reached XP level 3. HP: 18/19 MP: 3/6
   845 | D:1      | Learned a level 3 spell: Stone Arrow
  1424 | D:1      | Reached skill level 1 in Conjurations
  1465 | D:2      | Reached XP level 4. HP: 24/24 MP: 5/8
  1495 | D:2      | Gained mutation: You can translocate small distances at
                  | will. [potion of mutation]
  1495 | D:2      | Gained mutation: You are clumsy. (Dex -2) [potion of
                  | mutation]
  1495 | D:2      | Gained mutation: Your spells are a little harder to cast,
                  | but a little more powerful. [potion of mutation]
  1761 | D:2      | Reached skill level 5 in Earth Magic
  1905 | D:2      | Reached XP level 5. HP: 23/28 MP: 7/9
  2108 | D:2      | Noticed a moth of wrath
  2111 | D:2      | Found a bloodstained altar of Trog.
  2663 | D:3      | Found a large runed translucent door.
  2663 | D:3      | Found a large runed translucent door.
  2664 | D:3      | Noticed PeterQ's ghost (amateur GnAs)
  2716 | D:3      | Found a sacrificial altar of Ru.
  2926 | D:4      | Reached XP level 6. HP: 32/32 MP: 5/11
  3176 | D:4      | Found a basalt altar of Yredelemnul.
  3231 | D:4      | Noticed Menkaure
  3233 | D:4      | Killed Menkaure
  3233 | D:4      | Reached skill level 6 in Earth Magic
  3299 | D:4      | Found an iron altar of Okawaru.
  3362 | D:4      | Reached XP level 7. HP: 17/36 MP: 11/13
  3417 | D:4      | Learned a level 5 spell: Lee's Rapid Deconstruction
  3421 | D:4      | Learned a level 3 spell: Mephitic Cloud
  3600 | D:4      | Found a runed translucent door.
  3600 | D:4      | Noticed thefreepie's ghost (amateur KoHu)
  3735 | D:5      | Entered Level 5 of the Dungeon
  3748 | D:5      | Found a sparkling altar of Nemelex Xobeh.
  3863 | D:5      | Found a staircase to the Ecumenical Temple.
  3924 | D:5      | Found a glowing drain.
  3934 | Sewer    | Entered a sewer
  4639 | D:5      | Reached skill level 7 in Earth Magic
  4644 | D:5      | Reached skill level 5 in Spellcasting
  4749 | D:5      | Reached skill level 5 in Conjurations
  4749 | D:5      | Reached XP level 8. HP: 20/41 MP: 12/15
  4773 | Temple   | Entered the Ecumenical Temple
  4859 | Temple   | Became a worshipper of Vehumet
  5554 | D:6      | Found an ornate altar of the Wu Jian Council.
  5708 | D:6      | Reached skill level 1 in Fighting
  5708 | D:6      | Reached skill level 8 in Earth Magic
  6036 | D:6      | Reached skill level 1 in Armour
  6158 | D:6      | Reached skill level 1 in Maces & Flails
  6365 | D:6      | Reached skill level 1 in Evocations
  6365 | D:6      | Reached XP level 9. HP: 32/48 MP: 17/17
  6612 | D:7      | Reached * piety under Vehumet
  6612 | D:7      | Offered knowledge of Freeze by Vehumet.
  7875 | D:7      | Offered knowledge of Sting by Vehumet.
  7878 | D:7      | Reached ** piety under Vehumet
  7879 | D:7      | Reached XP level 10. HP: 53/56 MP: 7/19
  8333 | D:8      | Got a steaming eveningstar
  8335 | D:8      | Reached skill level 9 in Earth Magic
  8346 | D:8      | Identified the cursed +0 eveningstar of Tortfeasance {elec,
                  | MR+ Str+3} (You found it on level 8 of the Dungeon)
  8379 | D:8      | Noticed Maurice
  8399 | D:8      | Killed Maurice
  8614 | D:8      | Found an ancient bone altar of Kikubaaqudgha.
  9024 | D:8      | Found a deep blue altar of Sif Muna.
  9024 | D:8      | Found a shadowy altar of Dithmenos.
  9143 | D:9      | Noticed a two-headed ogre
  9155 | D:9      | Noticed Harold
  9498 | D:9      | Found Ineanis's Distillery.
  9514 | D:9      | Bought a potion of heal wounds for 80 gold pieces
  9514 | D:9      | Bought a potion of ambrosia for 128 gold pieces
  9514 | D:9      | Bought a potion of might for 64 gold pieces
  9514 | D:9      | Bought a potion of curing for 48 gold pieces
  9514 | D:9      | Bought a potion of curing for 48 gold pieces
  9514 | D:9      | Bought a potion of curing for 48 gold pieces
  9804 | D:9      | Offered knowledge of Throw Frost by Vehumet.
  9945 | D:9      | Reached *** piety under Vehumet
 10058 | D:9      | Killed Harold
 10058 | D:9      | Reached skill level 5 in Fighting
 10058 | D:9      | Reached skill level 5 in Armour
 10058 | D:9      | Reached XP level 11. HP: 55/63 MP: 6/21
 10179 | D:9      | Noticed Psyche
 10181 | D:9      | Killed Psyche
 10198 | D:9      | Killed a two-headed ogre
 10830 | D:10     | Entered Level 10 of the Dungeon
 10836 | D:10     | You fall into a shaft and drop 3 floors!
 10837 | D:13     | Noticed Jorgrun
 10840 | D:13     | Found a gate to the Vaults.
 10840 | D:13     | Noticed a centaur warrior
 10840 | D:13     | Noticed a two-headed ogre
 10840 | D:13     | Noticed an orc knight
 10840 | D:13     | Noticed a skeletal warrior
 10840 | D:13     | Noticed a manticore
 10874 | D:13     | Offered knowledge of Force Lance by Vehumet.
 10904 | D:13     | Reached skill level 10 in Earth Magic
 10929 | D:13     | Killed a centaur warrior
 10929 | D:13     | Reached skill level 5 in Maces & Flails
 10932 | D:13     | Killed an orc knight
 10941 | D:13     | Killed a two-headed ogre
 11024 | D:13     | Killed a manticore
 11030 | D:13     | Reached skill level 5 in Evocations
 11218 | D:13     | Noticed a phantasmal warrior
 11263 | D:13     | Noticed a death knight
 11264 | D:13     | Noticed a skeletal warrior
 11433 | D:14     | Noticed a six-headed hydra
 11439 | D:14     | Killed a six-headed hydra
 11439 | D:14     | Reached skill level 5 in Dodging
 11439 | D:14     | Reached XP level 12. HP: 71/71 MP: 17/23
 11449 | D:14     | Reached **** piety under Vehumet
 11656 | D:13     | Mangled by a skeletal warrior

Levels and vault maps discovered:
D:1:      doesnt_arrival_eight_statues, layout_rooms
D:2:      minmay_inner_zag, layout_rooms, tgw_trog, st_stairs_5
D:3:      cheibrodos_helix_gallery, layout_rooms, nicolae_ru_awakened_eye,
          ebering_ghost_disaster_area, first_ration, minivault_26,
          nrook_mini_backslash, grunt_ministairs_8
D:4:      layout_cave_pools, lemuel_doored_altar, yredelemnul_altar_generic,
          hellmonk_ghost_happy_afterlife, minmay_misc_feat_doors, uniq_menkaure
D:5:      layout_basic, nemelex_xobeh_ov_fountains_minmay,
          minmay_temple_entry_offerings, portal_sewer_entry_e
D:6:      layout_loops_cross, lemuel_coloured_pillars_altar
D:7:      layout_rooms, minmay_joined_circles
D:8:      layout_basic, kennysheep_vampire_church,
          gammafunk_temple_overflow_elements, uniq_maurice
D:9:      layout_irregular_city, serial_shops, nicolae_shop_crystal,
          grunt_ogre_cave, uniq_harold, uniq_psyche
D:10:     layout_rooms, uniq_urug, uniq_joseph
D:13:     minmay_the_grid_triangle_9x9_line_8_mashed
          [minmay_the_grid_triangle_9x9_pentomino_pain,
          minmay_the_grid_triangle_9x9_corrupted_corridor,
          minmay_the_grid_triangle_9x9_minimal,
          minmay_the_grid_triangle_9x9_zippers_horizontal,
          minmay_the_grid_triangle_9x9_steps,
          minmay_the_grid_triangle_9x9_dagger,
          minmay_the_grid_triangle_9x9_flanged_cone,
          minmay_the_grid_triangle_9x9_prize_top_heavy], layout_basic,
          david_vaults_3, serial_shops, shop, uniq_jorgrun, uniq_erolcha,
          uniq_nessos
D:14:     layout_long_grid, okawaru_ov_weapons_minmay, drop_trap,
          minmay_misc_feat_rows
Temple:   oiseaux_autumnal_temple

Skill      XL: |  1  2  3  4  5  6  7  8  9 10 11 12 |
---------------+-------------------------------------+-----
Earth Magic    | 4 5 6 7 8 9 10 | 10.5
Conjurations   | 1 2 3 5 6 7 8 |  8.9
Spellcasting   | 3 4 5 6 7 8 |  8.0
Fighting       | 1 3 5 6 |  6.6
Armour         | 1 3 5 6 |  6.0
Maces & Flails | 1 3 4 5 |  5.8
Dodging        | 2 3 4 5 |  5.1
Evocations     | 1 2 4 5 |  5.2
Stealth        | |  2.1
Transmutations | |  0.7

Action                   |  1- 3 |  4- 6 |  7- 9 | 10-12 || total
-------------------------+-------+-------+-------+-------++-------
Melee: Unarmed           |    20 |       |       |       ||    20
       Club              |    37 |       |       |       ||    37
       Dagger            |    28 |   218 |   152 |       ||   398
       Scimitar          |       |       |   133 |     9 ||   142
       Eveningstar       |       |       |       |   232 ||   232
 Cast: Sandblast         |    19 |    27 |    95 |    69 ||   210
       Stone Arrow       |       |     2 |     5 |    10 ||    17
       Lee's Rapid Decon |       |       |     7 |    20 ||    27
Evoke: Wand              |       |       |       |     7 ||     7
  Use: Scroll            |       |    11 |     3 |    13 ||    27
       Potion            |       |     1 |     1 |    19 ||    21
 Stab: Sleeping          |     1 |     2 |     4 |     1 ||     8
       Invisible         |       |       |       |     1 ||     1
  Eat: Chunk             |     2 |     6 |    13 |    19 ||    40
       Ration            |       |       |     1 |       ||     1
Armor: Robe              |    38 |    66 |   123 |   213 ||   440
Dodge: Dodged            |    88 |   126 |   204 |   313 ||   731
       Rpst.: Scimitar   |       |       |    32 |       ||    32

Table legend:
 A = Non-vault XP
 B = Vault XP
 C = Vault XP percentage of total XP
 D = Non-vault monster count
 E = Vault monster count
 F = Vault count percentage of total count
                 A         B        C        D         E       F
            +---------+---------+-------+---------+---------+-------
      Total |   12485 |    8170 |  39.6 |     231 |      81 |  26.0
            +---------+---------+-------+---------+---------+-------
        D:1 |      78 |       0 |   0.0 |      27 |       0 |   0.0
        D:2 |      81 |      42 |  34.1 |      19 |      13 |  40.6
        D:3 |      46 |       7 |  13.2 |      13 |       4 |  23.5
        D:4 |     252 |     175 |  41.0 |      15 |       1 |   6.2
        D:5 |     667 |      33 |   4.7 |      20 |       8 |  28.6
        D:6 |    1043 |       0 |   0.0 |      18 |       0 |   0.0
        D:7 |    2203 |     525 |  19.2 |      38 |       8 |  17.4
        D:8 |    1147 |     577 |  33.5 |      21 |       7 |  25.0
        D:9 |    3262 |    1548 |  32.2 |      44 |       3 |   6.4
       D:10 |     124 |       0 |   0.0 |       1 |       0 |   0.0
       D:13 |    1136 |    5214 |  82.1 |       7 |      17 |  70.8
       D:14 |    2446 |       0 |   0.0 |       8 |       0 |   0.0
      Sewer |       0 |      49 | 100.0 |       0 |      20 | 100.0
            +---------+---------+-------+---------+---------+-------
